General information
- name: BNet
- type: Ladder 1vs1/FFA
- host: Battle.net
- saver: CustosAnticum
map: RoadToStratholme
- players: 2
- length: 15:30
- speed: Fast
- version: 1.23 W3XP
- replay type: Public
» download(67 KB)
Players
team 1 (winner)
CustosAnticum (
yellow | 143 APM | 2209 actions | 15:30)
5 Demon Hunter
2 Evasion
3 Mana Burn
4 Naga Sea Witch
3 Frost Arrows
1 Forked Lightning
» actions
| Assign group hotkey | 98 | |
| Basic commands | 1 | |
| Build / train | 56 | |
| ESC pressed | 1 | |
| Enter build submenu | 10 | |
| Enter hero's abilities submenu | 12 | |
| Give item / drop item | 2 | |
| Right click | 1412 | |
| Select / deselect | 336 | |
| Select group hotkey | 229 | |
| Use ability | 52 | |
2209 total
» units
| Wisp | 13 | |
| Archer | 6 | |
| Huntress | 3 | |
| Dryad | 12 | |
34 total
» upgrades
| Ultravision | 1 | |
| Sentinel | 1 | |
| Abolish Magic | 1 | |
| Druid of the Claw Training | 2 | |
5 total
» buildings
| Altar of Elders | 1 | |
| Moon Well | 5 | |
| Ancient of War | 1 | |
| Tree of Ages | 1 | |
| Hunter's Hall | 1 | |
| Ancient of Lore | 2 | |
| Ancient of Wonders | 1 | |
| Tree of Eternity | 1 | |
13 total
» build order
00:03 Altar of Elders
00:06 Moon Well
00:08 Moon Well
00:30 Ancient of War
01:21 Moon Well
02:59 Tree of Ages
03:08 Moon Well
03:38 Hunter's Hall
06:14 Ancient of Lore
06:14 Ancient of Lore
06:41 Moon Well
10:20 Ancient of Wonders
10:23 Tree of Eternity
» items
| Boots of Speed | 1 | |
| Staff of Teleportation | 1 | |
2 total
team 2 (loser)
Jvlivs (
red | 127 APM | 1973 actions | 15:29)
4 Archmage
2 Summon Water Elemental
2 Brilliance Aura
2 Mountain King
1 Storm Bolt
1 Bash
» actions
| Assign group hotkey | 35 | |
| Basic commands | 92 | |
| Build / train | 67 | |
| Enter build submenu | 15 | |
| Enter hero's abilities submenu | 6 | |
| Remove unit from queue | 1 | |
| Right click | 644 | |
| Select / deselect | 546 | |
| Select group hotkey | 494 | |
| Use ability | 73 | |
1973 total
» units
| Peasant | 14 | |
| Footman | 10 | |
| Forest Troll Shadow Priest | 1 | |
| Sorceress | 1 | |
| Priest | 4 | |
| Spell Breaker | 4 | |
34 total
» upgrades
» buildings
| Altar of Kings | 1 | |
| Farm | 7 | |
| Barracks | 1 | |
| Lumber Mill | 1 | |
| Keep | 4 | |
| Arcane Vault | 1 | |
| Arcane Sanctum | 3 | |
18 total
» build order
00:05 Altar of Kings
00:10 Farm
00:25 Barracks
00:52 Farm
01:35 Farm
02:38 Farm
03:05 Lumber Mill
03:23 Farm
04:25 Keep
04:25 Keep
04:25 Keep
05:53 Arcane Vault
06:47 Arcane Sanctum
06:50 Arcane Sanctum
06:52 Arcane Sanctum
07:33 Farm
09:26 Farm
» items
| Dust of Appearance | 1 | |
| Scroll of Regeneration | 8 | |
| Lesser Clarity Potion | 2 | |
| Potion of Healing | 6 | |
17 total
Chat log
(15:02 / All) Jvlivs: gg
(15:07 / All) CustosAnticum: gg